cohdb
Replays
Latest Replays
All Replays
Popular Replays
Top Player Replays
Match Explorer
How It Works
Community
CoH3 Stats
Reddit
Sign in to upload your games and track your stats! →
Sign in with Steam
Match 32545166
Unlisted
Match 32545166
Overview
Messages
Build Orders
End
Panzergrenadier Squad
Panzergrenadier Squad
250 Light Carrier
Construct Light Support Kompanie
Selects Italian Infantry
Construct Mechanized Kompanie
Veteran Squad Leaders
Selects Guastatori Squad
Guastatori Squad
254 Reconnaissance Tractor
Vehicle Survival Package
Selects Registered Artillery
Marder III Tank Destroyer
Marder III Tank Destroyer
Selects Towed Cannone da 105/28 Field Howitzer
Tungsten Core Ammunition
Ermac[Pointrunner]
el campo
Доктор Гувер[POINTRUNNER]
MaXiS
Juli337
Belfegor ๏̯͡๏
Maxwell
Darren3101
0
0
Comments
sign in to comment!
No comments posted yet!